 Dungeon Crawl Stone Soup version 0.16-a0-1276-g18860b1 (webtiles) character file.

46 Kashira the Caller (level 3, -3/19 HPs)
             Began as a Tengu Summoner on Oct 14, 2014.
             Killed from afar by Terence (8 damage)
             ... with a wand of flame
             ... on level 2 of the Dungeon.
             The game lasted 00:06:21 (1195 turns).

Kashira the Caller (Tengu Summoner)                 Turns: 1195, Time: 00:06:22

Health: -3/19      AC:  2    Str:  8    XL:     3   Next: 66%
Magic:  0/7        EV: 12    Int: 16    God:
Gold:   113        SH:  0    Dex: 14    Spells: 2 memorised, 4 levels left

rFire  . . .     SeeInvis .     h - +0 halberd
rCold  . . .     Clarity  .     a - +0 robe
rNeg   + . .     SustAb   .     (no shield)
rPois  .         Gourm    .     (helmet restricted)
rElec  .         Spirit   .     (no cloak)
rCorr  .         Warding  +     (no gloves)
rMut   .         Stasis   .     (boots unavailable)
MR     +....                    l - amulet of warding
Stlth  ++........               (no ring)
                                p - ring of protection from magic

@: somewhat resistant to hostile enchantments, unstealthy
A: beak, talons 3
a: no special abilities


You were on level 2 of the Dungeon.
You were not hungry.

You visited 1 branch of the dungeon, and saw 2 of its levels.

You collected 113 gold pieces.

Inventory:

Hand weapons
 d - a +0 club
 h - a +0 halberd (weapon)
Armour
 a - a +0 robe (worn)
Jewellery
 l - an amulet of warding (around neck)
 p - a ring of protection from magic (left hand)
Scrolls
 e - a scroll of noise {unknown}
 j - a scroll of random uselessness {unknown}
 k - 2 scrolls of teleportation {unknown}
Potions
 f - a potion of mutation {unknown}
 i - a potion of restore abilities {unknown}
 m - a potion of degeneration {unknown}
 n - a potion of lignification {unknown}
Books
 b - a book of Callings

   Spells                             Type                      Level
   *Summon Small Mammal               Summoning                    1
   *Call Imp                          Summoning                    2
   Call Canine Familiar               Summoning                    3
   Summon Guardian Golem              Hexes/Summoning              4
   Summon Lightning Spire             Summoning/Air                4
   Summon Ice Beast                   Ice/Summoning                4
Comestibles
 c - a bread ration
 g - 2 fruits
 o - a chunk of quokka flesh


   Skills:
 + Level 0.2 Fighting
 - Level 2.1 Dodging
 - Level 2.0 Stealth
 + Level 2.6 Spellcasting
 + Level 5.8 Summonings


You had 4 spell levels left.
You knew the following spells:

 Your Spells              Type           Power        Failure   Level  Hunger
a - Summon Small Mammal   Summ           ###.         1%          1    #......
b - Call Imp              Summ           ###.....     2%          2    ##.....


Dungeon Overview and Level Annotations

Branches:
Dungeon (2/15)

Altars:

Annotations:
D:2 Terence


Innate Abilities, Weirdness & Mutations

You have a beak for a mouth.
You have claws for feet.


Message History

Your crimson imp hits Terence but does no damage.
Your white imp barely misses Terence.
Your white imp gestures at Terence.
The puff of frost hits Terence.
Your crimson imp blinks!
What do you say? t - Shout!
Orders for allies: a - Attack new target. r - Retreat! s - Stop attacking. w - Wait here. f - Follow me.
Anything else - Stay silent.
Gang up on whom?
Press: ? - help, Dir - move target cursor, f - Terence
Aim: Terence, wielding a glowing hand axe, wearing a scale mail and carrying a wand of flame {zapped: 3} (moderately wounded) Attack!
Terence screams, "I'm going to kill you!"
Terence zaps a wand.
The puff of flame hits your quokka.
Terence zaps a wand.
The puff of flame misses your quokka. The puff of flame hits you!
You die...

##. . #. .... ... #....
.#.# #.... ...## ...## .#
#...######## ##..# .>
#.#.#....... # #.# #.#
#........... # #.#
#..####.#.5.5..... # #.#
#...##@.r..@.....
###.#########....##........
..#.##...........# .......
#.#....#######...# #######
....5### ##..#########
###...## #.....##...##
#.#..## ##.##.......##
#.##..### #.###.......#
#...#...## #..##.......#


You could see Terence, a friendly iron imp, a friendly white imp and a friendly
quokka.

Vanquished Creatures
  A gnoll (D:1)
  A goblin (D:2)
  A hobgoblin (D:2)
  3 jackals (D:1)
  2 kobolds
  2 bats
  A rat (D:2)
11 creatures vanquished.

Vanquished Creatures (collateral kills)
  2 adders (D:2)
  A gnoll (D:1)
  An ooze (D:2)
  A giant cockroach (D:2)
  A hobgoblin (D:1)
  3 jackals (D:1)
  A quokka (D:2)
  2 bats
  A giant gecko (D:2)
  6 kobolds
  2 rats (D:1)
21 creatures vanquished.

Vanquished Creatures (others)
  A crimson imp (D:1)
  A shadow imp (D:2)
  2 bats (D:1)
  2 quokkas (D:1)
  5 rats
11 creatures vanquished.

Grand Total: 43 creatures vanquished

Notes
Turn   | Place    | Note
--------------------------------------------------------------
     0 | D:1      | Kashira, the Tengu Summoner, began the quest for the Orb.
     0 | D:1      | Reached XP level 1. HP: 10/10 MP: 3/3
    64 | D:1      | Reached skill level 5 in Summonings
   354 | D:1      | Reached XP level 2. HP: 12/15 MP: 0/5
   368 | D:1      | Learned a level 2 spell: Call Imp
   690 | D:1      | Reached XP level 3. HP: 19/19 MP: 2/7
  1187 | D:2      | Noticed Terence
  1195 | D:2      | Killed from afar by Terence

Action                   || total
-------------------------++-------
Melee: Club              ||    10
       Halberd           ||    44
 Cast: Summon Small Mamm ||    20
       Call Imp          ||    26
 Stab: Sleeping          ||     2
  Eat: Chunk             ||     3
